AoeStats
← 739697286

Arena

507918761Analyzed
4v4 RM · 13d ago on Sep 20, 2026· 37m 12s· 8 players
Game mode
Random Map
Map size
Large (8 player)
Population
200
Speed
Normal
Resources
Standard
Victory
Conquest
Starting age
Dark Age
Ending age
Imperial Age
RankedLock teamsTeams togetherTeam positionsShared explorationLock speedFull tech treeHidden civsTurbo modeCheats
Victory
Defeat
🇨🇳 Hindustanis · China
1485
+13
🇨🇳 Britons · China
1476
+14
🇭🇰 Turks · Hong Kong SAR China
1472
+14
🇭🇰 Burgundians · Hong Kong SAR China
1381
+18
🇹🇼 Slavs · Taiwan
1484
-17
🇨🇳 Italians · China
1413
-14
🇨🇳 Huns · China
1409
-14
🇹🇼 Bohemians · Taiwan
1403
-14
Mick...
10:58 Feudal Age
14:37 Castle Age
12:35 Double-Bit Axe
12:59 Horse Collar
16:52 Loom
18:19 Gold Mining
23:09 Imperial Age
20:47 Heavy Plow
21:18 Fletching
21:48 Bow Saw
22:28 Bodkin Arrow
25:34 Ballistics
25:37 Padded Archer Armor
27:37 Chemistry
28:14 Bracer
28:30 Leather Archer Armor
29:32 Wheelbarrow
37:00 Stone Mining
37:43 Ring Archer Armor
36:37 Elite Genoese Crossbowman
37:38 Conscription
Miru
12:18 Feudal Age
15:45 Castle Age
14:07 Double-Bit Axe
14:41 Horse Collar
16:53 Wheelbarrow
16:43 Bow Saw
21:23 Loom
23:51 Heavy Plow
23:54 Gold Mining
24:30 Stone Mining
28:49 Imperial Age
26:53 Scale Mail Armor
27:04 Forging
27:44 Ballistics
26:46 Pikeman
27:26 Squires
28:32 Chain Mail Armor
28:58 Man-at-Arms
29:03 Halberdier
29:08 Capped Ram
30:39 Iron Casting
29:52 Long Swordsman
31:26 Gold Shaft Mining
31:26 Two-Handed Swordsman
31:43 Siege Ram
33:07 Plate Mail Armor
33:38 Blast Furnace
后入显风格
10:49 Feudal Age
14:26 Castle Age
13:03 Double-Bit Axe
13:07 Horse Collar
20:19 Loom
21:10 Wheelbarrow
21:15 Bow Saw
21:07 Heavy Plow
22:45 Gold Mining
24:02 Stone Mining
24:58 Scale Barding Armor
28:59 Imperial Age
27:12 Chain Barding Armor
27:43 Husbandry
27:53 Bloodlines
27:56 Forging
28:01 Marauders
29:46 Iron Casting
28:55 Light Cavalry
30:36 Gold Shaft Mining
30:40 Plate Barding Armor
30:07 Fletching
31:09 Conscription
31:08 Bodkin Arrow
Captain Jack Sparrow
5:07 Loom
12:58 Feudal Age
13:32 Double-Bit Axe
14:10 Horse Collar
17:30 Castle Age
18:45 Bow Saw
22:00 Imperial Age
20:31 Fervor
21:56 Chemistry
22:40 Wheelbarrow
23:44 Padded Archer Armor
專業送分員
9:54 Feudal Age
8:35 Double-Bit Axe
15:23 Castle Age
13:24 Horse Collar
14:14 Bow Saw
17:24 Two-Man Saw
19:01 Loom
22:56 Gold Mining
23:08 Cavalier
25:06 Scale Barding Armor
27:59 Chain Barding Armor
29:00 Wheelbarrow
30:49 Forging
33:48 Imperial Age
33:53 Light Cavalry
33:59 Paladin
34:43 Husbandry
36:30 Plate Barding Armor
36:31 Iron Casting
屌炸天
11:03 Feudal Age
15:32 Castle Age
13:21 Double-Bit Axe
21:26 Imperial Age
19:34 Horse Collar
20:06 Bow Saw
120057903
10:41 Feudal Age
11:19 Town Watch
14:14 Castle Age
12:41 Double-Bit Axe
12:44 Horse Collar
15:53 Bow Saw
21:48 Heavy Plow
23:08 Wheelbarrow
23:00 Gold Mining
23:38 Gold Mining
24:43 Hand Cart
25:00 Loom
28:14 Imperial Age
26:53 Scale Barding Armor
26:59 Forging
27:40 Gold Shaft Mining
27:25 Grand Trunk Road
28:41 Husbandry
28:52 Bloodlines
28:16 Heavy Camel Rider
29:27 Conscription
31:06 Chain Barding Armor
30:11 Imperial Camel Rider
31:28 Iron Casting
36:40 Plate Barding Armor
37:36 Blast Furnace
37:45 Town Patrol
37:37 Fletching
739697286
11:29 Feudal Age
12:42 Double-Bit Axe
12:54 Horse Collar
15:41 Castle Age
16:22 Heavy Plow
16:37 Bow Saw
16:29 Gold Mining
17:42 Loom
17:57 Stone Mining
22:07 Padded Archer Armor
23:16 Wheelbarrow
22:48 Fletching
31:44 Imperial Age
29:40 Bodkin Arrow
30:01 Leather Archer Armor
29:41 Bodkin Arrow
30:01 Leather Archer Armor
29:41 Bodkin Arrow
29:55 Pikeman
30:52 Squires
30:41 Arson
30:57 Scale Mail Armor
31:07 Forging
30:57 Scale Mail Armor
31:07 Forging
30:57 Scale Mail Armor
31:07 Forging
31:13 Man-at-Arms
31:39 Gambesons
32:55 Conscription
33:49 Iron Casting
33:29 Chain Mail Armor
33:49 Iron Casting
33:29 Chain Mail Armor
33:16 Bracer
33:53 Conscription
33:12 Long Swordsman
34:31 Two-Handed Swordsman
36:14 Blast Furnace
35:43 Champion
Connection lost

Rejoining the realm…

Still unreachable

The connection could not be restored.

Session expired

The server has moved on; the page needs a fresh start.